 Dungeon Crawl Stone Soup version 0.20-a0-309-gcba9277 (webtiles) character file.

141 Junicave the Digger (level 5, 0/28 HPs)
             Began as a Gargoyle Earth Elementalist on Dec 19, 2016.
             Slain by a gnoll
             ... wielding a +0 spear
              (1 damage)
             ... on level 3 of the Dungeon.
             The game lasted 00:11:43 (3185 turns).

Junicave the Digger (Gargoyle Earth Elementalist)   Turns: 3185, Time: 00:11:44

Health: 0/28       AC:  9    Str: 11    XL:     5   Next: 24%
Magic:  9/9        EV: 12    Int: 17    God:
Gold:   88         SH:  0    Dex: 10    Spells: 6/10 levels left

rFire  . . .     SeeInvis .     q - -3 halberd (curse)
rCold  . . .     Gourm    .     c - +0 robe
rNeg   + . .     Faith    .     (shield currently unavailable)
rPois  ∞         Spirit   .     (no helmet)
rElec  +         Reflect  .     (no cloak)
rCorr  .         Harm     .     l - +2 pair of gloves
MR     .....                    (no boots)
Stlth  ++........               (no amulet)
                                (no ring)
                                (no ring)

@: no status effects
A: negative energy resistance 1, electricity resistance, unbreathing,
petrification resistance, rot immunity, AC +4
a: no special abilities


You were on level 3 of the Dungeon.
You were very hungry.

You visited 1 branch of the dungeon, and saw 3 of its levels.

You collected 88 gold pieces.

Inventory:

Hand Weapons
 h - a +0 short sword
 q - a cursed -3 halberd (weapon)
Missiles
 b - 182 stones (quivered)
Armour
 c - a +0 robe (worn)
 l - a +2 pair of gloves (worn)
Jewellery
 o - an uncursed ring of see invisible {unknown}
 y - an uncursed ring of protection from fire {unknown}
Scrolls
 a - a scroll of recharging {unknown}
 f - 2 scrolls of remove curse {unknown}
 j - 7 scrolls of identify {unknown}
 n - a scroll of immolation {unknown}
 x - a scroll of magic mapping {unknown}
Potions
 g - a potion of lignification {unknown}
 i - a potion of might {unknown}
 k - a potion of mutation {unknown}
 m - 2 potions of cure mutation {unknown}
 p - a potion of heal wounds {unknown}
 t - a potion of curing {unknown}
 u - a potion of berserk rage {unknown}
 z - a potion of haste {unknown}
Books
 e - a book of Geomancy

   Spells                             Type                      Level
   a - Sandblast                      Earth                        1
   b - Passwall                       Transmutation/Earth          2
   c - Stone Arrow                    Conjuration/Earth            3
   d - Petrify                        Transmutation/Earth          4
   e - Lee's Rapid Deconstruction     Earth                        5
 r - a book of Cantrips

   Spells                             Type                      Level
   a - Confusing Touch                Hexes                        1
   b - Animate Skeleton               Necromancy                   1
   c - Summon Small Mammal            Summoning                    1
   d - Apportation                    Translocation                1
Comestibles
 d - 2 bread rations
 s - 2 meat rations
 v - a slice of pizza


   Skills:
 + Level 2.6 Dodging
 - Level 2.1 Stealth
 + Level 3.2 Spellcasting
 * Level 1.4 Conjurations
   Level 0.7 Transmutations
 + Level 4.6 Earth Magic


You had 6 spell levels left.
You knew the following spells:

 Your Spells              Type           Power        Failure   Level  Hunger
a - Sandblast             Erth           ###...       2%          1    None
b - Stone Arrow           Conj/Erth      ##....       17%         3    ###....


Dungeon Overview and Level Annotations

Branches:
Dungeon (3/15)

Altars:
Fedhas
Qazlal


Innate Abilities, Weirdness & Mutations

You are resistant to torment.
Your stone body is resilient. (AC +4)
You are immune to poison.
You resist negative energy. (rN+)
You are resistant to electric shocks. (rElec)
You can survive without breathing.
You are immune to petrification.
You are immune to rotting.


Message History

The gnoll hits you from afar with an enchanted spear!
The gnoll hits you from afar with a spear.
The gnoll barely misses you. The gnoll closely misses you.
The gnoll hits you but does no damage.
Things that are here:
a spear; a gnoll corpse You barely miss the gnoll.
The gnoll hits you with a spear.
The gnoll hits you with an enchanted spear.
* * * LOW HITPOINT WARNING * * *
The gnoll hits you but does no damage.
You closely miss the gnoll. The gnoll hits you but does no damage.
The gnoll hits you with a spear.
* * * LOW HITPOINT WARNING * * *
The gnoll hits you but does no damage.
You puncture the gnoll!
The gnoll is almost dead.
The gnoll hits you with a spear!
* * * LOW HITPOINT WARNING * * *
The gnoll closely misses you. The gnoll hits you with a spear.
You die...

#.# #....# #..##.# #.##. #.#
#.#### #..##.# #.### ..## #.#
#...#.# #.# ...####.#
#.#.#.######.## ....88..#
#.............#
...8....######################.#
.......#.##....................#
....P...###..#...#...#...#...#.#
...###### #_...g@..............#
...# #..#.g.#...#.(.#...###
...## #...................#
....# #####################
...## #.# ...# #.#.# ...# #.#.#
..)# #.#.# #.## #.#.#


You could see 2 gnolls.

Vanquished Creatures
  4 gnolls
  A worker ant zombie (D:3)
  3 adders
  An ooze (D:2)
  An adder zombie (D:3)
  A worm (D:2)
  2 leopard geckos (D:1)
  A ball python (D:2)
  6 giant cockroaches
  3 goblins (D:1)
  11 hobgoblins
  6 bats
  2 frilled lizards
  A giant cockroach zombie (D:3)
  A jackal skeleton (D:3)
  7 kobolds
  A quokka skeleton (D:3)
  5 rats
57 creatures vanquished.

Notes
Turn   | Place    | Note
-------+----------+-------------------------------------------
     0 | D:1      | Junicave the Gargoyle Earth Elementalist began the quest for the Orb.
     0 | D:1      | Reached XP level 1. HP: 10/10 MP: 3/3
   190 | D:1      | Reached XP level 2. HP: 11/15 MP: 0/5
   715 | D:1      | Reached skill level 4 in Earth Magic
   726 | D:1      | Reached XP level 3. HP: 15/19 MP: 2/6
  1617 | D:1      | Learned a level 3 spell: Stone Arrow
  1659 | D:2      | Reached XP level 4. HP: 24/24 MP: 4/8
  1917 | D:2      | Found a stormy altar of Qazlal.
  1919 | D:2      | Noticed a fire elemental
  1919 | D:2      | Noticed an earth elemental
  1920 | D:2      | Noticed an air elemental
  1920 | D:2      | Noticed a water elemental
  2027 | D:2      | Reached skill level 1 in Conjurations
  2177 | D:2      | Found a stormy altar of Qazlal.
  2701 | D:3      | Reached XP level 5. HP: 23/28 MP: 4/9
  3174 | D:3      | Found a blossoming altar of Fedhas.
  3185 | D:3      | HP: 1/28 [gnoll/spear (7)]
  3185 | D:3      | Slain by a gnoll

Vault maps used:
D:1:      kilobyte_arrival_exit_the_forest, minmay_misc_feat_four_crosses,
          minmay_tetromino_l2
D:2:      nicolae_qazlal_style_of_elements, supply_closet_lemuel
D:3:      lemuel_coloured_pillars_altar, first_bread, serial_undead,
          serial_undead_e, serial_undead_d, serial_undead_e, serial_undead_e,
          serial_undead_c, serial_undead_a, lightli_sewer_entry_pipes,
          chequers_ecumenical_altar_grove

Skill      XL: |  1  2  3  4 |
---------------+-------------+-----
Earth Magic    | 4 |  4.6
Dodging        | 2 |  2.6
Spellcasting   | 3 |  3.2
Conjurations   | 1 |  1.4
Stealth        | |  2.1
Transmutations | |  0.7

Action                   |  1- 3 |  4- 6 || total
-------------------------+-------+-------++-------
Melee: Unarmed           |    94 |       ||    94
       Short sword       |    43 |       ||    43
       Halberd           |       |   131 ||   131
 Cast: Sandblast         |    37 |    25 ||    62
       Stone Arrow       |       |     1 ||     1
 Stab: Sleeping          |     3 |     3 ||     6
  Eat: Chunk             |     3 |     4 ||     7
Armor: Robe              |    52 |    88 ||   140
Dodge: Dodged            |    99 |   144 ||   243
